 Dungeon Crawl Stone Soup version 0.23.2 (webtiles) character file.

Game seed: 13111325823662603823

17 RagdollRavenno the Vexing (level 2, -5/12 HPs)
             Began as a Felid Enchanter on July 6, 2019.
             Slain by a bullfrog skeleton (6 damage)
             ... on level 2 of the Dungeon.
             The game lasted 00:01:42 (948 turns).

RagdollRavenno the Vexing (Felid Enchanter)          Turns: 948, Time: 00:01:42

Health: -5/12      AC:  1    Str:  4    XL:     2   Next: 44%
Magic:  6/6        EV: 18    Int: 16    God:
Gold:   45         SH:  0    Dex: 16    Spells: 4/5 levels left
                                        Lives:  0   Deaths: 0

rFire    . . .     SeeInvis +     - Unarmed
rCold    . . .     Gourm    .   (shield unavailable)
rNeg     . . .     Faith    .   (armour unavailable)
rPois    .         Spirit   .   (helmet unavailable)
rElec    .         Reflect  .   (cloak unavailable)
rCorr    .         Harm     .   (gloves unavailable)
MR       .....                  (boots unavailable)
Stlth    +++.......             (no amulet)
HPRegen  0.04/turn              (no ring)
MPRegen  0.10/turn              (no ring)

@: about to teleport, quick
A: very small, no armour, no weapons or thrown items, stealth, claws 1, fangs 3,
see invisible, carnivore, speed 1, shaggy fur 1, slow metabolism 1, sharp paws
a: no special abilities


You were on level 2 of the Dungeon.
You were completely stuffed.

You visited 1 branch of the dungeon, and saw 2 of its levels.

You collected 45 gold pieces.

Inventory:

Potions
 a - 2 potions of might
 d - a potion of magic {unknown}
 i - a potion of curing {unknown}
Comestibles
 b - a ration
 h - 3 chunks of flesh


   Skills:
 * Level 0.4 Fighting
 * Level 2.9 Dodging
 + Level 4.3 Stealth
 * Level 1.4 Unarmed Combat
 * Level 2.1 Spellcasting
 + Level 4.7 Hexes


You had 4 spell levels left.
You knew the following spells:

 Your Spells              Type           Power        Failure   Level  Hunger
a - Corona                Hex            ###....      3%          1    #......

Your spell library contained the following spells:

 Spells                   Type           Power        Failure   Level  Hunger
 Confuse                  Hex            ###.....     9%          3    ###....
 Tukima's Dance           Hex            ###.....     9%          3    ###....
 Ensorcelled Hibernation  Hex/Ice        #.....       12%         2    ###....
 Dazzling Spray           Conj/Hex       #.....       24%         3    ###....


Dungeon Overview and Level Annotations

Branches:
Dungeon (2/15)

Altars:


Innate Abilities, Weirdness & Mutations

You cannot wear armour.
You are incapable of wielding weapons or throwing items.
Your paws allow you to move quietly. (Stealth)
You have sharp claws.
You have razor-sharp teeth.
You have supernaturally acute eyesight. (SInv)
You are carnivorous and can eat meat at any time.
You cover ground quickly.
You are covered in fur. (AC +1)
You have a slow metabolism.
Your sharp claws are effective at attacking unaware monsters.


Message History

As you read the scroll labeled ROUMO ZOSCH, it crumbles to dust.
You feel aware of your surroundings.
It was a scroll of magic mapping.
The bullfrog skeleton hits you but does no damage.
The bullfrog skeleton closely misses you.
As you read the scroll labeled RIYZXID BAOLLEM, it crumbles to dust.
It is a scroll of identify.
a - 2 potions of might The bullfrog skeleton hits you.
Ouch! That really hurt!
* * * LOW HITPOINT WARNING * * *
As you read the scroll labeled CEUD NICVOTSI, it crumbles to dust.
The creatures around you are filled with an inner flame!
It was a scroll of immolation.
The bullfrog skeleton hits you.
* * * LOW HITPOINT WARNING * * *
As you read the scroll labeled ILOFFO QACAWAM, it crumbles to dust.
You feel strangely unstable.
It was a scroll of teleportation.
The bullfrog skeleton misses you. The bullfrog skeleton hits you.
Ouch! That really hurt!
You die...

,,,,,* *,#...#.*
#..####.#.# ,,,,,*
#.#...#.###)........#
,,,,,*
#..........######.###
,,,,,* #..........###
#.... ,,,,,*
**####)...........# #....
,,,,** *,................#
####. *****
*,###.............# #.
**,#....<..........# ##
*,,,,#....@........#
*,,**#..##Z.....#..#
****,,**#........###..#***
*,,,,,....###.#.###.....,*
*,**,*#r**###.#.......##.*
*,**,**,* #...[.#######*,#
*,**,**,* #....)# *****,*
*,**,**,* #.....# *,,,,,*
*,**,**,* #.....# *,*****


You could see a bullfrog skeleton (inner flame).

Vanquished Creatures
  4 bats
  A giant cockroach (D:1)
  2 goblins
  4 hobgoblins (D:1)
  A frilled lizard (D:1)
  2 kobolds
  2 rats
16 creatures vanquished.

Notes
Turn   | Place    | Note
-------+----------+-------------------------------------------
     0 | D:1      | RagdollRavenno the Felid Enchanter began the quest for the
                  | Orb.
     0 | D:1      | Reached XP level 1. HP: 7/7 MP: 4/4
   494 | D:1      | Reached XP level 2. HP: 11/11 MP: 6/6
   948 | D:2      | Slain by a bullfrog skeleton

Action                   || total
-------------------------++-------
Melee: Unarmed           ||    39
       Bite              ||     3
 Cast: Corona            ||     7
  Use: Scroll            ||     4
 Stab: Sleeping          ||     9
  Eat: Chunk             ||     7
Armor: Skin              ||     5
Dodge: Dodged            ||    36
